 Dungeon Crawl Stone Soup version 0.30-a0-916-g98134172ad (webtiles) character file.

Game seed: 16425005158178312776

1040 112233 the Thaumaturge (level 8, 0/46 HPs)
             Began as an Octopode Earth Elementalist on Mar 20, 2023.
             Slain by an ice beast (7 damage)
             ... on level 5 of the Dungeon.
             The game lasted 00:04:10 (3268 turns).

112233 the Thaumaturge (OpEE)                       Turns: 3268, Time: 00:04:10

Health: 0/46       AC:  1    Str:  7    XL:     8   Next: 24%
Magic:  1/20       EV: 13    Int: 19    God:
Gold:   189        SH:  0    Dex: 13    Spells: 18/24 levels left

rFire   . . .      SeeInvis .    (no weapon)
rCold   . . .      Faith    .    (no shield)
rNeg    . . .      Spirit   .    (helmet restricted)
rPois   .          Reflect  .    c - amulet of magic regeneration
rElec   .          Rampage  .    (no ring)
rCorr   .                        (no ring)
Will    .....                    (no ring)
Stlth   +++                      (no ring)
HPRegen 0.27/turn                (no ring)
MPRegen 0.57/turn                (no ring)
                                 (no ring)
                                 (no ring)

@: very slightly contaminated
A: almost no armour, amphibious, 8 rings, camouflage 1, gelatinous body 1,
(nimble swimmer 1), tentacles
a: no special abilities


You were on level 5 of the Dungeon.
You visited 1 branch of the dungeon, and saw 5 of its levels.

You collected 189 gold pieces.

Inventory:

Hand Weapons
 s - a +1 whip of flaming
Missiles
 n - a throwing net
Armour
 p - a +0 buckler
Jewellery
 c - an amulet of magic regeneration (around mantle)
 o - a ring of resist corrosion
Wands
 g - a wand of acid (8)
 t - a wand of mindburst (1)
Scrolls
 b - 3 scrolls of fear {unknown}
 f - a scroll of noise {unknown}
 j - a scroll of teleportation {unknown}
 k - 2 scrolls of blinking {unknown}
 r - 2 scrolls of identify {unknown}
Potions
 a - a potion of magic
 d - a potion of resistance {unknown}
 h - 3 potions of curing {unknown}
 i - a potion of degeneration {unknown}
 l - a potion of might {unknown}
 m - a potion of brilliance {unknown}
 q - a potion of mutation {unknown}


   Skills:
 - Level 2.0 Dodging
 - Level 2.8 Stealth
 + Level 8.8 Spellcasting
 - Level 1.1 Transmutations
 - Level 3.0 Earth Magic


You had 18 spell levels left.
You knew the following spells:

 Your Spells              Type           Power      Damage    Failure   Level
a - Sandblast             Erth           40%        2d10      2%          1
b - Stone Arrow           Conj/Erth      28%        3d8       14%         3
c - Passwall              Tmut/Erth      13%        N/A       5%          2

Your spell library contained the following spells:

 Spells                   Type           Power      Damage    Failure   Level
 Call Canine Familiar     Summ           8%         N/A       26%         3
 Mephitic Cloud           Conj/Pois/Air  8%         N/A       26%         3
 Petrify                  Tmut/Erth      16%        N/A       34%         4
 Malign Gateway           Summ/Tloc      4%         N/A       100%        7
 Spellforged Servitor     Conj/Summ      4%         N/A       100%        7


Dungeon Overview and Level Annotations

Branches:
Dungeon (5/15)
 Temple: D:4-7

Altars:
Ashenzari
Makhleb
The Shining One

Shops:
D:4 !


Innate Abilities, Weirdness & Mutations

You cannot wear most types of armour.
You are amphibious.
You can wear up to eight rings at the same time.
Your skin changes colour to match your surroundings (Stealth+).
Your rubbery body absorbs attacks. (AC +1, EV +1)
((You are camouflaged when in or above water. (Stealth+)))
You have tentacles for arms and can constrict up to eight enemies at once.


Message History

The ice beast freezes you!
* * * LOW HITPOINT WARNING * * *
You feel much better. The ice beast barely misses you.
Unknown command.
Casting: Stone Arrow (dangerous; 14% risk of failure)
Confirm with . or Enter, or press ? or * to list all spells.
Aiming: Stone Arrow (dangerous; 14% risk of failure)
Press: ? - help, Shift-Dir - straight line, f/p - ice beast
Aim: an ice beast (severely wounded, 68% to hit)
You miscast Stone Arrow.
Nothing appears to happen.
The ice beast hits you. The ice beast freezes you!
* * * LOW HITPOINT WARNING * * *
Unknown command.
Casting: Stone Arrow (dangerous; 14% risk of failure)
Confirm with . or Enter, or press ? or * to list all spells.
Aiming: Stone Arrow (dangerous; 14% risk of failure)
Press: ? - help, Shift-Dir - straight line, f/p - ice beast
Aim: an ice beast (severely wounded, 68% to hit)
The stone arrow misses the ice beast.
The ice beast closely misses you.
Unknown command.
Casting: Stone Arrow (dangerous; 14% risk of failure)
Confirm with . or Enter, or press ? or * to list all spells.
Aiming: Sandblast (safe; 2% risk of failure)
Press: ? - help, Shift-Dir - straight line, f/p - ice beast
Aim: an ice beast (severely wounded, 83% to hit)
The blast of sand hits the ice beast but does no damage.
The ice beast is severely wounded.
The ice beast hits you but does no damage.
Unknown command.
Casting: Sandblast (safe; 2% risk of failure)
Confirm with . or Enter, or press ? or * to list all spells.
Aiming: Stone Arrow (dangerous; 14% risk of failure)
Press: ? - help, Shift-Dir - straight line, f/p - ice beast
Aim: an ice beast (severely wounded, 68% to hit)
The stone arrow hits the ice beast.
The ice beast is almost dead.
The ice beast hits you.
* * * LOW HITPOINT WARNING * * *
The ice beast freezes you!
You die...

######### #....)...
#........ #
#########........
####.###................
......<.<...............
..##.............)......
#....###.......Y@.......
###.. ##'###.#########.
#. ### #.# #. #.# # ...
... #.#.# .. .#


You could see an ice beast.

Vanquished Creatures
  Pikel (D:4)
  A water moccasin (D:4)
  A centaur (D:5)
  A lemure (D:4)
  2 howler monkeys
  2 jellies (D:4)
  A hound (D:3)
  9 adders
  5 gnolls
  An ufetubus (D:4)
  3 worms
  2 dart slugs
  7 bats
  3 endoplasms
  3 giant cockroaches
  3 goblins
  8 hobgoblins
  4 jackals (D:3)
  4 quokkas
  7 ball pythons
  4 frilled lizards
  8 kobolds
  3 rats
83 creatures vanquished.

Vanquished Creatures (others)
  A fungus (D:4)
1 creature vanquished.

Grand Total: 84 creatures vanquished

Notes
Turn   | Place    | Note
-------+----------+-------------------------------------------
     0 | D:1      | 112233 the Octopode Earth Elementalist began the quest for
                  | the Orb.
     0 | D:1      | Reached XP level 1. HP: 11/11 MP: 3/3
   250 | D:1      | Reached XP level 2. HP: 17/17 MP: 3/5
   542 | D:1      | Reached skill level 3 in Spellcasting
   542 | D:1      | Reached XP level 3. HP: 21/21 MP: 2/7
  1103 | D:2      | Reached XP level 4. HP: 27/27 MP: 9/9
  1317 | D:3      | Reached skill level 4 in Spellcasting
  1601 | D:3      | Reached XP level 5. HP: 28/31 MP: 9/12
  2104 | D:4      | Noticed a lemure
  2230 | D:4      | Got the Verses on Befouled Apparitions
  2257 | D:4      | Found a burning altar of Makhleb.
  2266 | D:4      | Reached skill level 5 in Spellcasting
  2309 | D:4      | Found a broken altar of Ashenzari.
  2318 | D:4      | Reached XP level 6. HP: 36/36 MP: 11/14
  2335 | D:4      | Noticed Pikel
  2465 | D:4      | Found Yptu's Distillery.
  2600 | D:4      | Learned a level 3 spell: Stone Arrow
  2603 | D:4      | Learned a level 2 spell: Passwall
  2613 | D:4      | Found a glowing golden altar of the Shining One.
  2694 | D:4      | Paralysed by Pikel for 4 turns
  2703 | D:4      | Paralysed by Pikel for 2 turns
  2711 | D:4      | Paralysed by Pikel for 2 turns
  2713 | D:4      | Killed Pikel
  2714 | D:4      | Reached skill level 7 in Spellcasting
  2714 | D:4      | Reached XP level 7. HP: 28/41 MP: 7/18
  2756 | D:4      | Reached skill level 8 in Spellcasting
  2764 | D:4      | Reached XP level 8. HP: 34/46 MP: 11/20
  3171 | D:5      | Entered Level 5 of the Dungeon
  3268 | D:5      | Slain by an ice beast

Illustrated notes

Levels and vault maps discovered:
D:1:      ebering_trefoil_twist, layout_loops_ring
D:2:      layout_rooms
D:3:      layout_loops_ring, chequers_big_river, hex_large, corner_web_ring,
          wander_ebering_terrifying_dragon_lair
D:4:      layout_basic, mainiacjoe_overflow_catwalk_spiral,
          mainiacjoe_overflow_tiny_flanked, serial_shops, shop, uniq_pikel
D:5:      cheibrodos_quashed, layout_basic, chei_slow_surprise,
          nicolae_qazlal_scattered_showers, bloody_trog, serial_shops, shop,
          hangedman_abyss_or_decor_passed, minmay_misc_feat_iff,
          small_statue_intersection, nicolae_elevator_lobby_plus

Skill      XL: |  1  2  3  4  5  6  7 |
---------------+----------------------+-----
Spellcasting   | 3 4 5 7 8 |  8.8
Dodging        | |  2.0
Stealth        | |  2.8
Transmutations | |  1.1
Earth Magic    | |  3.0

Action                     |  1- 3 |  4- 6 |  7- 9 || total
---------------------------+-------+-------+-------++-------
  Melee: Unarmed           |     2 |       |       ||     2
         Constrict         |     2 |       |       ||     2
         Tentacles         |     1 |       |       ||     1
   Cast: Sandblast         |    44 |   100 |     9 ||   153
         Stone Arrow       |       |     2 |    15 ||    17
  Evoke: Wand              |       |     5 |       ||     5
    Use: Potion            |       |     1 |     1 ||     2
 Armour: Skin              |     3 |     5 |     3 ||    11
  Dodge: Dodged            |    11 |    65 |    27 ||   103

Table legend: (Time is in decaauts)
 A = Elapsed time spent in this place.
 B = Non-inter-level travel time spent in this place.
 C = Inter-level travel time spent in this place.
 D = Time resting spent in this place.
 E = Time spent auto-exploring this place.
 F = Levels seen in this place.
 G = Mean time per level.
                   A        B        C        D        E       F      G
               +--------+--------+--------+--------+--------+-----+--------+
         Total |   3343 |   3138 |    205 |     44 |   2498 |   5 |  668.6 |
       Dungeon |   3343 |   3138 |    205 |     44 |   2498 |   5 |  668.6 |
               +--------+--------+--------+--------+--------+-----+--------+

Top non-repeatable levels by time:
     D:4: 1043 daAuts
     D:3: 879 daAuts
     D:1: 858 daAuts
     D:2: 462 daAuts
     D:5: 100 daAuts
